 Dungeon Crawl Stone Soup version 0.32-a0-876-gcfddb08e57 (webtiles) character file.

Game seed: 8002495551971593644

788 Gunch the Grasshopper (level 7, 0/91 HPs)
             Began as a Red Draconian Warper on Mar 31, 2024.
             Was an Initiate of Hepliaklqana.
             Succumbed to a water moccasin's poison
             ... on level 5 of the Dungeon.
             The game lasted 00:09:15 (5119 turns).

Gunch the Grasshopper (Red Draconian Warper)        Turns: 5119, Time: 00:09:16

Health: 0/91       AC: 30    Str: 14    XL:     7   Next: 56%
Magic:  10/10      EV:  2    Int: 13    God:    Hepliaklqana [......]
Gold:   58         SH:  0    Dex: 10    Spells: 3/10 levels left

rFire   . . .        a - +2 mace (protect)
rCold   . . .        (no shield)
rNeg    . . .        (body armour unavailable)
rPois   +            (helmet currently unavailable)
rElec   .            (cloak currently unavailable)
rCorr   .            c - melded +0 pair of gloves
SInv    .            (boots currently unavailable)
Will    .....        (no amulet)
Stlth   +            (no ring)
HPRegen 0.35/turn    (no ring)
MPRegen 0.12/turn

%: no passive effects
@: brilliant, lethally poisoned (0 -> -2), tree-form, under a protective aura,
attractive
A: stationary, stasis, torment immunity, boosted hp, (combustion breath), AC +6,
unfitting armour, (fire resistance 1), (cold-blooded), clumsy 1, (electricity
resistance)
a: Renounce Religion


You were on level 5 of the Dungeon.
You worshipped Hepliaklqana.
Hepliaklqana was noncommittal.
You were a tree.
You visited 2 branches of the dungeon, and saw 6 of its levels.

You collected 250 gold pieces.
You spent 192 gold pieces at shops.

Inventory:

Hand Weapons
 a - a +2 mace of protection (weapon)
 b - a +2 vampiric falchion
Missiles
 o - a throwing net (quivered)
Armour
 c - a +0 pair of gloves (melded)
Wands
 k - a wand of paralysis (7)
 n - a wand of flame (9)
Scrolls
 e - a scroll of noise
 m - 2 scrolls of immolation
Potions
 l - a potion of attraction


   Skills:
 + Level 5.0 Fighting
 + Level 4.4 Long Blades
 - Level 1.1 Throwing
 + Level 4.3 Dodging
 - Level 2.1 Spellcasting
 + Level 5.1 Translocations


You had 3 spell levels left.
You knew the following spells:

 Your Spells              Type           Power      Damage    Failure   Level
a - Blink                 Tloc           44%        N/A       4%          2
b - Lesser Beckoning      Tloc           44%        N/A       4%          2
c - Teleport Other        Tloc           22%        N/A       9%          3

Your spell library contained the following spells:

 Spells                   Type           Power      Damage    Failure   Level
 Apportation              Tloc           44%        N/A       3%          1
 Necrotise                Necr           8%         1d4       26%         1
 Sting                    Conj/Alch      8%         1d3       26%         1
 Summon Small Mammal      Summ           8%         N/A       26%         1
 Summon Ice Beast         Ice/Summ       2%         N/A       58%         3
 Maxwell's Portable Pile  Tloc           22%        2d(8-16)  30%         4
 Passage of Golubria      Tloc           22%        N/A       30%         4
 Vhi's Electric Charge    Tloc/Air       24%        N/A       65%         4
 Silence                  Hex/Air        1%         N/A       100%        5
 Summon Mana Viper        Hex/Summ       2%         N/A       100%        5
 Monstrous Menagerie      Summ           1%         N/A       100%        7
 Lehudib's Crystal Spear  Conj/Erth      1%         10d2      100%        8


Dungeon Overview and Level Annotations

Branches:
Dungeon (5/15)             Temple (1/1) D:4

Altars:
Ashenzari
Cheibriados
Dithmenos
Elyvilon
Fedhas
Gozag
Hepliaklqana
Kikubaaqudgha
Makhleb
Okawaru
Qazlal
Ru
Sif Muna
Trog
Uskayaw
Vehumet
Xom
Yredelemnul
Zin

Shops:
D:2 [   D:5 *(


Innate Abilities, Weirdness & Mutations

You are a tree.
Your roots penetrate the ground, keeping you stationary.
You cannot be teleported.
You are immune to unholy pain and torment.
Your maximum health is greatly increased.
Your equipment is partially melded.
((You can breathe blasts of explosive embers.))
((Your fiery red scales are hard. (AC +6)))
You cannot fit into any form of body armour.
((Your flesh is heat resistant. (rF+)))
((You are cold-blooded and may be slowed by cold attacks.))
You are clumsy. (Dex -2)
((You are resistant to electric shocks. (rElec)))


Message History

* * * LOW HITPOINT WARNING * * *
You feel very sick. The water moccasin barely misses you.
It was a potion of attraction.
You feel attractive to monsters.
* * * LOW HITPOINT WARNING * * *
You feel very sick. The water moccasin closely misses you.
The water moccasin misses you.
You turn into a tree.
Your +0 pair of gloves melds into your body.
Your roots penetrate the ground.
* * * LOW HITPOINT WARNING * * *
You feel very sick.
The water moccasin bites you but does no damage.
You feel the dreadful sensation subside.
Your +2 mace of protection hums with potential!
a - a +2 mace of protection (weapon)
* * * LOW HITPOINT WARNING * * *
You feel sick.
The water moccasin bites you but does no damage.
You hit the water moccasin.
Your weapon exudes an aura of protection.
The water moccasin is severely wounded.
* * * LOW HITPOINT WARNING * * *
You feel very sick.
The water moccasin bites you but does no damage. x2
You barely miss the water moccasin.
The water moccasin is severely wounded.
* * * LOW HITPOINT WARNING * * *
You feel sick.
The water moccasin bites you but does no damage. x2
You hit the water moccasin.
The water moccasin is almost dead.
* * * LOW HITPOINT WARNING * * *
You feel sick.
The water moccasin bites you but does no damage.
It was a potion of mutation.
You feel extremely strange.
You feel clumsy.
You feel insulated.
You die...
Hepliaklqana delivers you to your ancestors.

,*,,,,,,,,,,,,,,,,*
,*******,********.#
,,,,,,,...#******.#**
*******#..#,,,,,,..,*
#..#,*####.#,*
#..#,,,..#.#,*
###..#***#.#.#,#
#....#####S#.#.#
##..........♣...#
###.?.............#
#.)....##.#..#....#
#.##...####+####..#
#.##....#,,,,,**..#
###.##...##,,,,,*,..#
#...###...+,,_,,+,,.#
..### #..##,,,,,**,.#
### #..#,,,,,,,*,,*


You could see a water moccasin.

Vanquished Creatures
  Sigmund (D:2)
  A phantom (D:4)
  2 scorpions
  A bombardier beetle (D:5)
  An orc priest (D:4)
  A gnoll bouda (D:5)
  An iguana (D:4)
  Robin (D:4)
  5 gnolls (D:5)
  5 adders
  A shadow imp (D:5)
  A white imp (D:5)
  2 dart slugs
  3 ribbon worms
  9 orcs
  9 endoplasms
  2 giant cockroaches
  13 goblins
  10 hobgoblins
  6 jackals
  3 quokkas
  7 ball pythons
  4 bats
  10 frilled lizards (D:1)
  A goblin skeleton (D:5)
  2 hobgoblin zombies (D:5)
  4 kobolds
  6 rats
112 creatures vanquished.

Vanquished Creatures (others)
  A black bear (D:5)
1 creature vanquished.

Grand Total: 113 creatures vanquished

Notes
Turn   | Place    | Note
-------+----------+-------------------------------------------
     0 | D:1      | Gunch the Draconian Warper began the quest for the Orb.
     0 | D:1      | Reached XP level 1. HP: 17/17 MP: 3/3
   216 | D:1      | Reached skill level 1 in Throwing
   279 | D:1      | Reached XP level 2. HP: 14/25 MP: 5/5
  1395 | D:2      | Noticed Sigmund
  1422 | D:1      | Learned a level 2 spell: Blink
  1425 | D:1      | Learned a level 2 spell: Lesser Beckoning
  1515 | D:2      | Reached XP level 3. HP: 30/30 MP: 6/6
  1652 | D:2      | Killed Sigmund
  1653 | D:2      | Reached XP level 4. HP: 17/39 MP: 7/7
  1653 | D:2      | Reached XP level 5. HP: 19/45 MP: 8/8
  1995 | D:2      | Found Zyiwy's Antique Armour Emporium.
  3011 | D:3      | Learned a level 3 spell: Teleport Other
  3184 | D:3      | Reached XP level 6. HP: 52/52 MP: 9/9
  3229 | D:4      | Noticed Robin
  3328 | D:4      | Killed Robin
  3874 | D:4      | Found a staircase to the Ecumenical Temple.
  3903 | Temple   | Entered the Ecumenical Temple
  3996 | Temple   | Became a worshipper of Hepliaklqana the Forgotten
  4092 | D:4      | Your scales start taking on a fiery red colour.
  4092 | D:4      | Reached XP level 7. HP: 54/60 MP: 10/10
  4092 | D:4      | Gained mutation: Your flesh is heat resistant. (rF+) [Red
                  | Draconian growth]
  4516 | D:5      | Entered Level 5 of the Dungeon
  4531 | D:5      | Found an iron altar of Okawaru.
  4549 | D:5      | Found Deol's Gadget Gallery.
  4894 | D:5      | Reached skill level 5 in Translocations
  4968 | D:5      | Found Kiahoc's Weapon Boutique.
  4977 | D:5      | Bought a +1 vampiric falchion for 192 gold pieces
  4992 | D:5      | Found a burning altar of Makhleb.
  4992 | D:5      | Found an opulent altar of Gozag.
  5032 | D:5      | Reached skill level 5 in Fighting
  5116 | D:5      | HP: 4/91 [poisoned by a water moccasin]
  5118 | D:5      | HP: 1/91 [poisoned by a water moccasin]
  5119 | D:5      | Gained mutation: You are clumsy. (Dex -2) [potion of
                  | mutation]
  5119 | D:5      | Gained mutation: You are resistant to electric shocks.
                  | (rElec) [potion of mutation]
  5119 | D:5      | Succumbed to a water moccasin's poison

Illustrated notes

Levels and vault maps discovered:
D:1:      mrwooster_arrival_statue_2, layout_basic, minmay_lizard_pond
D:2:      layout_basic, serial_shops, shop, uniq_sigmund
D:3:      layout_basic, small_statue_intersection
D:4:      layout_basic, minmay_temple_entry_butterflies, uniq_robin
D:5:      layout_basic, gammafunk_temple_overflow_forgotten,
          nicolae_tso_besieged_by_evil, serial_shops,
          nicolae_shop_bloodbath_and_beyond, nicolae_shop_gadgets
Temple:   nicolae_temple_elliptical

Skill      XL: |  1  2  3  4  5  6  7 |
---------------+----------------------+-----
Throwing       | 1 |  1.1
Fighting       | 3 4 5 |  5.0
Long Blades    | 3 4 |  4.4
Dodging        | 3 4 |  4.3
Translocations | 4 5 |  5.1
Spellcasting   | |  2.1

Action                     |  1- 3 |  4- 6 |  7- 9 || total
---------------------------+-------+-------+-------++-------
  Melee: Falchion          |    84 |       |    31 ||   115
         Tailslap          |    12 |    22 |    16 ||    50
         Long sword        |    31 |   160 |       ||   191
         Unarmed           |       |     8 |       ||     8
         Mace              |       |    58 |    60 ||   118
  Throw: Dart              |     7 |       |       ||     7
   Cast: Lesser Beckoning  |       |       |     1 ||     1
    Use: Scroll            |     4 |     2 |     4 ||    10
         Potion            |       |     2 |     4 ||     6
   Stab: Sleeping          |       |       |     1 ||     1
 Armour: Skin              |   140 |   209 |   109 ||   458
  Dodge: Dodged            |   116 |   221 |    87 ||   424

Table legend: (Time is in decaauts)
 A = Elapsed time spent in this place.
 B = Non-inter-level travel time spent in this place.
 C = Inter-level travel time spent in this place.
 D = Time resting spent in this place.
 E = Time spent auto-exploring this place.
 F = Levels seen in this place.
 G = Mean time per level.
                   A        B        C        D        E       F      G
               +--------+--------+--------+--------+--------+-----+--------+
         Total |   5240 |   4933 |    307 |    344 |   3450 |   6 |  873.3 |
       Dungeon |   5112 |   4870 |    242 |    344 |   3437 |   5 | 1022.4 |
        Temple |    128 |     64 |     64 |      0 |     13 |   1 |  128.0 |
               +--------+--------+--------+--------+--------+-----+--------+

Top non-repeatable levels by time:
     D:1: 1515 daAuts
     D:2: 1174 daAuts
     D:4: 1121 daAuts
     D:3: 673 daAuts
     D:5: 626 daAuts
  Temple: 128 daAuts
